 Dungeon Crawl Stone Soup version 0.21.1-1-g345015f (webtiles) character file.

4257 lyrx the Unseen (level 10, -4/52 HPs)
             Began as a Spriggan Enchanter on Mar 2, 2018.
             Was a Believer of Dithmenos.
             Killed from afar by EvilAshe's ghost (10 damage)
             ... with an orb of energy
             ... on level 8 of the Dungeon on Mar 3, 2018.
             The game lasted 02:08:40 (14120 turns).

lyrx the Unseen (Spriggan Enchanter)               Turns: 14120, Time: 02:08:41

Health: -4/52      AC:  4    Str:  4    XL:     10   Next: 10%
Magic:  14/15      EV: 26    Int: 17    God:    Dithmenos [**....]
Gold:   209        SH:  0    Dex: 22    Spells: 8/15 levels left

rFire    . . .     SeeInvis +   a - +2 dagger
rCold    . . .     Gourm    .   (shield restricted)
rNeg     . . .     Faith    +   b - +1 robe
rPois    .         Spirit   .   (helmet restricted)
rElec    .         Reflect  .   l - +0 cloak
rCorr    +         Harm     .   (gloves unavailable)
MR       +....     Clarity  +   (boots unavailable)
Stlth    ++++++++..             G - amulet of faith
HPRegen  0.17/turn              F - ring of resist corrosion
MPRegen  0.14/turn              y - +4 ring of dexterity

@: wreathed by umbra, very quick
A: very small, unfitting armour, see invisible, clarity, clumsy 1, herbivore,
speed 3, robust 2, slow metabolism 2
a: Shadow Step, Renounce Religion


You were on level 8 of the Dungeon.
You worshipped Dithmenos.
Dithmenos was pleased with you.
You were not hungry.

You visited 2 branches of the dungeon, and saw 9 of its levels.

You collected 393 gold pieces.
You spent 184 gold pieces at shops.

Inventory:

Hand Weapons
 a - a +2 dagger (weapon)
 o - a +0 dagger of venom
 s - a +3 blowgun
 H - a +1 dagger of holy wrath
Missiles
 t - 51 poisoned needles
Armour
 b - a +1 robe (worn)
 l - a +0 cloak (worn)
 D - a scarf of repulsion
Jewellery
 w - an uncursed ring of ice
 y - a +4 ring of dexterity (right hand)
 F - a ring of resist corrosion (left hand)
 G - an amulet of faith (around neck)
Wands
 B - a wand of disintegration (11)
Scrolls
 d - 4 scrolls of identify
 f - a scroll of silence
 g - 2 scrolls of teleportation
 h - a scroll of amnesia
 k - 6 scrolls of remove curse
 z - 3 scrolls of magic mapping
 I - a scroll of fear
Potions
 e - 2 potions of berserk rage
 i - 2 potions of invisibility
 j - a potion of cancellation
 m - 3 potions of flight
 n - a potion of haste
 p - 2 potions of curing
 q - 2 potions of mutation
 v - 3 potions of lignification
 E - 2 potions of heal wounds
Books
 c - a book of Maledictions

   Spells                             Type                      Level
   a - Corona                         Hexes                        1
   b - Ensorcelled Hibernation        Hexes/Ice                    2
   c - Confuse                        Hexes                        3
   d - Tukima's Dance                 Hexes                        3
   e - Dazzling Spray                 Conjuration/Hexes            3
 r - a book of Changes

   Spells                             Type                      Level
   a - Beastly Appendage              Transmutation                1
   b - Sticks to Snakes               Transmutation                2
   c - Spider Form                    Transmutation/Poison         3
   d - Ice Form                       Ice/Transmutation            4
   e - Blade Hands                    Transmutation                5
 u - a book of Cantrips

   Spells                             Type                      Level
   a - Confusing Touch                Hexes                        1
   b - Animate Skeleton               Necromancy                   1
   c - Summon Small Mammal            Summoning                    1
   d - Apportation                    Translocation                1
 x - a book of Frost

   Spells                             Type                      Level
   a - Freeze                         Ice                          1
   b - Throw Frost                    Conjuration/Ice              2
   c - Ozocubu's Armour               Charms/Ice                   3
   d - Throw Icicle                   Conjuration/Ice              4
   e - Summon Ice Beast               Ice/Summoning                4
 C - a book of Necromancy

   Spells                             Type                      Level
   a - Pain                           Necromancy                   1
   b - Animate Skeleton               Necromancy                   1
   c - Vampiric Draining              Necromancy                   3
   d - Regeneration                   Charms/Necromancy            3
   e - Animate Dead                   Necromancy                   4
   f - Borgnjor's Vile Clutch         Necromancy/Earth             5
Comestibles
 A - 11 rations


   Skills:
 - Level 0.2 Fighting
 + Level 9.5 Short Blades
 * Level 8.7 Dodging
 + Level 15.3 Stealth
 - Level 3.0 Spellcasting
 - Level 4.0 Hexes
 - Level 0.2 Ice Magic


You had 8 spell levels left.
You knew the following spells:

 Your Spells              Type           Power        Failure   Level  Hunger
a - Corona                Hex            ###....      3%          1    None
b - Ensorcelled Hibernat  Hex/Ice        #.....       11%         2    ##.....
c - Confuse               Hex            ###.....     10%         3    ###....
d - Confusing Touch       Hex            ###...       3%          1    None


Dungeon Overview and Level Annotations

Branches:
Dungeon (8/15)             Temple (1/1) D:4
   Lair: D:8-11

Altars:
Ashenzari
Cheibriados
Dithmenos
Elyvilon
Fedhas
Gozag
Hepliaklqana
Kikubaaqudgha
Makhleb
Nemelex Xobeh
Okawaru
Qazlal
Ru
Sif Muna
Trog
Uskayaw
Vehumet
Wu Jian
Xom
Yredelemnul
Zin
The Shining One

Shops:
D:4 }   D:7 [:[(=

Annotations:
D:8 EvilAshe's ghost, novice VSCj


Innate Abilities, Weirdness & Mutations

You are very small and have problems with some larger weapons.
You are too small for most types of armour.
You have supernaturally acute eyesight. (SInv)
You are a herbivore.
You cover ground extremely quickly.
You need consume almost no food.
You possess an exceptional clarity of mind.
You are clumsy. (Dex -2)
You are very robust. (+20% HP)


Message History

You hit EvilAshe's ghost but do no damage.
EvilAshe's ghost is moderately damaged.
EvilAshe's ghost hits you.
You hit EvilAshe's ghost.
EvilAshe's ghost is heavily damaged.
You hit EvilAshe's ghost.
EvilAshe's ghost is heavily damaged.
EvilAshe's ghost points at you and mumbles some strange words.
The magic dart hits you!
You hit EvilAshe's ghost but do no damage.
EvilAshe's ghost is heavily damaged.
EvilAshe's ghost points at you and mumbles some strange words.
The orb of energy hits you!
* * * LOW HITPOINT WARNING * * *
The orb of energy explodes!
EvilAshe's ghost stops glowing.
EvilAshe's ghost says very slowly, "There's no hope."
EvilAshe's ghost gestures at you while chanting.
The orb of energy hits you!
You die...

##....# #... ##
##..#..###... .##
##.W###W.#..<. ..###
##..## ##......
#...### ##..##
#..#... ###...##
##..## ##..#.#
##...### ##..##
##..## ##.##...###
##..## ##..#
##...##....####.@##
#..#
#....###....##..##
##[.
.........(.....##
##. ..............##
## ...<...........#
#####
.......#######.#
#######....
........#
#.########.W........
........#
#..#..........######
........#
##......#######


You could see EvilAshe's ghost.

Vanquished Creatures
  Pikel (D:5)
  The ghost of Baghtru the Skirmisher, an amateur HOFi (D:3)
  A human (D:7)
  3 hogs (D:7)
  A yak (D:7)
  Menkaure (D:6)
  2 orc warriors
  2 sky beasts
  3 ice beasts
  A phantom (D:8)
  4 ogres
  A centaur (D:7)
  4 bullfrogs
  A gnoll sergeant (D:7)
  A scorpion (D:4)
  3 wights (D:6)
  2 crimson imps
  A bullfrog zombie (D:7)
  A jelly (D:5)
  6 orc priests
  2 hounds
  Terence (D:3)
  A bullfrog skeleton (D:5)
  2 iguanas
  9 orc wizards
  5 worker ants
  10 gnolls
  10 adders
  3 shadow imps (D:7)
  An ooze (D:2)
  An adder zombie (D:7)
  A worm (D:3)
  3 dart slugs
  4 leopard geckos
  30 orcs
  6 bats
  5 giant cockroaches
  10 goblins
  6 hobgoblins
  9 jackals
  9 kobolds
  2 quokkas
  2 ball pythons
  4 frilled lizards
  A jackal skeleton (D:4)
  3 rats
180 creatures vanquished.

Notes
Turn   | Place    | Note
-------+----------+-------------------------------------------
     0 | D:1      | lyrx the Spriggan Enchanter began the quest for the Orb.
     0 | D:1      | Reached XP level 1. HP: 9/9 MP: 5/5
   243 | D:1      | Reached skill level 5 in Stealth
   369 | D:1      | Reached XP level 2. HP: 13/13 MP: 6/6
   387 | D:1      | Learned a level 2 spell: Ensorcelled Hibernation
   824 | D:1      | Reached XP level 3. HP: 10/16 MP: 8/8
  1323 | D:2      | Found a burning altar of Makhleb.
  1368 | D:2      | Reached skill level 6 in Stealth
  1383 | D:2      | Reached XP level 4. HP: 21/21 MP: 6/9
  1588 | D:2      | Found a bloodstained altar of Trog.
  1956 | D:2      | Found a sparkling altar of Nemelex Xobeh.
  2086 | D:2      | Learned a level 3 spell: Confuse
  2097 | D:3      | Noticed Baghtru's ghost (amateur HOFi)
  2117 | D:3      | Killed Baghtru's ghost
  2117 | D:3      | Reached skill level 8 in Stealth
  2117 | D:3      | Reached XP level 5. HP: 7/24 MP: 3/10
  2414 | D:3      | Noticed Terence
  2418 | D:3      | Killed Terence
  2418 | D:3      | Reached XP level 6. HP: 28/28 MP: 11/11
  2448 | D:3      | Reached skill level 9 in Stealth
  2803 | D:3      | Found a sparkling altar of Nemelex Xobeh.
  4155 | D:4      | Found a deep blue altar of Sif Muna.
  4202 | D:4      | Found a staircase to the Ecumenical Temple.
  4305 | D:4      | Reached skill level 5 in Short Blades
  4429 | D:4      | Reached XP level 7. HP: 32/32 MP: 12/12
  6323 | D:4      | Found Ziduva's Gadget Boutique.
  6480 | Temple   | Entered the Ecumenical Temple
  6618 | Temple   | Became a worshipper of Dithmenos the Shadowed
  6918 | D:5      | Entered Level 5 of the Dungeon
  7386 | D:5      | Noticed Pikel
  7441 | D:5      | Killed Pikel
  7441 | D:5      | Reached skill level 10 in Stealth
  7441 | D:5      | Reached XP level 8. HP: 36/36 MP: 8/13
  8067 | D:6      | Reached skill level 5 in Dodging
  8091 | D:6      | Reached skill level 11 in Stealth
  9447 | D:6      | Learned a level 1 spell: Confusing Touch
  9544 | D:6      | Reached XP level 9. HP: 38/39 MP: 10/14
  9553 | D:6      | Reached skill level 12 in Stealth
  9576 | D:6      | Noticed Menkaure
  9943 | D:6      | Found a basalt altar of Yredelemnul.
 10503 | D:6      | Reached * piety under Dithmenos
 10640 | D:6      | Killed Menkaure
 10651 | D:7      | Gained mutation: You possess an exceptional clarity of mind. [potion of mutation]
 10651 | D:7      | Gained mutation: You are robust. (+10% HP) [potion of mutation]
 10651 | D:7      | Gained mutation: You are clumsy. (Dex -2) [potion of mutation]
 10651 | D:7      | Gained mutation: You are very robust. (+20% HP) [potion of mutation]
 10749 | D:7      | Reached skill level 13 in Stealth
 10784 | D:7      | Found a radiant altar of Vehumet.
 11306 | D:7      | Found Wenuacij's Antique Armour Shoppe.
 11341 | D:7      | Bought an embroidered scarf for 184 gold pieces
 11510 | D:7      | Found Ithawn's Armour Emporium.
 11520 | D:7      | Found an opulent altar of Gozag.
 11617 | D:7      | Reached ** piety under Dithmenos
 11772 | D:7      | Reached skill level 14 in Stealth
 11795 | D:7      | Found Lynecw's Jewellery Boutique.
 12004 | D:7      | Found Fiwkeirph's Antique Weapon Shoppe.
 12155 | D:7      | Found Mipium's Book Shoppe.
 12842 | D:8      | Found a shimmering altar of Xom.
 12867 | D:8      | Noticed EvilAshe's ghost (novice VSCj)
 12906 | D:8      | Reached skill level 15 in Stealth
 12906 | D:8      | Reached XP level 10. HP: 52/52 MP: 9/15
 14120 | D:8      | Killed from afar by EvilAshe's ghost

Skill      XL: |  1  2  3  4  5  6  7  8  9 |
---------------+----------------------------+-----
Stealth        | 5 6 8 9 10 11 15 | 15.3
Short Blades   | 2 3 5 8 9 |  9.5
Spellcasting   | 3 |  3.0
Hexes          | 4 |  4.0
Dodging        | 4 5 8 |  8.7
Fighting       | |  0.2
Ice Magic      | |  0.2

Action                   |  1- 3 |  4- 6 |  7- 9 | 10-12 || total
-------------------------+-------+-------+-------+-------++-------
Melee: Dagger            |   144 |   181 |   506 |   156 ||   987
Throw: Tomahawk          |       |       |     3 |       ||     3
 Cast: Ensorcelled Hiber |     2 |    16 |    53 |    11 ||    82
       Confuse           |       |     7 |    18 |     8 ||    33
       Corona            |       |     2 |     3 |     4 ||     9
       Confusing Touch   |       |       |     2 |     1 ||     3
  Use: Scroll            |       |       |    15 |     1 ||    16
       Potion            |       |       |     9 |       ||     9
 Stab: Sleeping          |    15 |    22 |    54 |     5 ||    96
       Distracted        |     1 |       |     9 |       ||    10
       Confused          |       |     5 |     5 |     1 ||    11
       Invisible         |       |       |     1 |       ||     1
  Eat: Ration            |       |     2 |     9 |       ||    11
Armor: Robe              |     8 |    10 |    15 |     7 ||    40
Dodge: Dodged            |   120 |   124 |   256 |    86 ||   586
